 Dungeon Crawl Stone Soup version 0.20.1-1-g8b1a95d (webtiles) character file.

3464 Vodalian the Fighter (level 10, -1/82 HPs)
             Began as a Formicid Fighter on Nov 22, 2017.
             Was a Priest of Okawaru.
             Slain by a gnoll (5 damage)
             ... on level 7 of the Dungeon.
             The game lasted 00:30:11 (7817 turns).

Vodalian the Fighter (Formicid Fighter)             Turns: 7817, Time: 00:30:11

Health: -1/82      AC: 16    Str: 21    XL:     10   Next: 27%
Magic:  0/17       EV:  6    Int:  6    God:    Okawaru [***...]
Gold:   347        SH: 12    Dex: 13    Spells: 19/19 levels left

rFire    . . .     SeeInvis +   F - +3 dire flail (crush)
rCold    . . .     Gourm    .   c - +1 shield
rNeg     . . .     Faith    .   H - +0 plate armour
rPois    .         Spirit   +   (helmet unavailable)
rElec    .         Reflect  .   (no cloak)
rCorr    .         Harm     .   (no gloves)
MR       +....                  (no boots)
Stlth    ..........             m - amulet of guardian spirit
Regen    0.3/turn               I - +3 ring of protection
MPRegen  0.2/turn               B - ring of wizardry

@: no status effects
A: permanent stasis, dig shafts and tunnels, four strong arms, antennae 3,
hooves 1, deterioration 1, dopey 1
a: Dig, Shaft Self, Heroism, Renounce Religion


You were on level 7 of the Dungeon.
You worshipped Okawaru.
Okawaru was most pleased with you.
You were not hungry.

You visited 2 branches of the dungeon, and saw 8 of its levels.
You also visited: Sewer.

You collected 347 gold pieces.

Inventory:

Hand Weapons
 a - a +0 war axe
 F - a +3 dire flail of crushing (weapon)
Missiles
 E - 4 tomahawks (quivered)
Armour
 b - a +0 scale mail
 c - a +1 shield (worn)
 v - the +1 leather armour of the Beekeeper {rC+ rCorr Str-4}
   (You found it on level 6 of the Dungeon)

   It affects your strength (-4).
   It protects you from cold.
   It protects you from acid and corrosion.
 H - a +0 plate armour (worn)
Magical Staves
 K - an uncursed staff of wizardry {unknown}
Jewellery
 m - an amulet of guardian spirit (around neck)
 o - an uncursed ring of protection from cold
 t - an uncursed ring of magical power
 x - an uncursed ring of stealth
 B - a ring of wizardry (right hand)
 D - a +1 ring of slaying
 I - a +3 ring of protection (left hand)
 L - an uncursed ring of protection from cold
Wands
 p - a wand of lightning (8/15)
 u - a wand of flame (27/48)
 w - a wand of flame (24/48)
 M - a wand of random effects (31/48)
Scrolls
 e - 4 scrolls of identify
 g - 2 scrolls of enchant armour
 i - 5 scrolls of remove curse
 r - 2 scrolls of amnesia
 y - a scroll of fog
Potions
 d - 3 potions of might
 j - 3 potions of lignification
 n - 2 potions of flight
 q - 3 potions of curing
 s - a potion of agility
 z - 3 potions of brilliance {unknown}
 A - a potion of invisibility
 C - 2 potions of magic
 G - a potion of cancellation {unknown}
 J - a potion of haste {unknown}
 N - a potion of resistance {unknown}
Comestibles
 f - 7 bread rations
 h - 3 meat rations
 k - 7 royal jellies
 l - 6 fruits


   Skills:
 * Level 8.5 Fighting
 * Level 8.1 Axes
 + Level 6.7 Armour
 + Level 7.2 Shields
 + Level 5.0 Spellcasting


You had 19 spell levels left.
You didn't know any spells.

Dungeon Overview and Level Annotations

Branches:
Dungeon (7/15)             Temple (1/1) D:4

Altars:
Ashenzari
Cheibriados
Dithmenos
Elyvilon
Fedhas
Gozag
Hepliaklqana
Kikubaaqudgha
Makhleb
Nemelex Xobeh
Okawaru
Qazlal
Sif Muna
Trog
Uskayaw
Vehumet
Xom
Yredelemnul
Zin
The Shining One


Innate Abilities, Weirdness & Mutations

You cannot be hasted, slowed, berserked, paralysed or teleported.
You can dig through walls and to a lower floor.
Your four strong arms can wield two-handed weapons with a shield.
You have a pair of large antennae on your head. (SInv)
You have large cloven feet.
Your body sometimes deteriorates upon taking damage.
You are dopey. (Int -2)


Message History

You block the hog's attack.
You eat one of the 4 meat rations.
That meat ration really hit the spot!
The hog bites you but does no damage. You block the hog's attack.
You block the gnoll's attack.
Your shield and plate armour prevent you from hitting the hog.
You kick the hog.
The hog is heavily wounded.
The hog bites you but does no damage. The gnoll hits you but does no damage.
You hit the hog. Your kick misses the hog.
The hog is almost dead.
The hog bites you.
* * * LOW HITPOINT WARNING * * *
You block the gnoll's attack. The gnoll hits you but does no damage.
The hog bites you.
* * * LOW HITPOINT WARNING * * *
You closely miss the hog.
The hog is almost dead.
The gnoll hits you but does no damage. The hog barely misses you.
The gnoll hits you.
You die...

# #.#.###'####...##..# #. #
#.#.#.....##.......# #.
#####.#.#.....##....#.###########
........#######..................
#####....#.#####.##..############
.........#......h....# #......##
######...#..####h###.####........
...............#h###.#...........
####.#.####.#.##@#............>..
#...........ggg...............
#...####.#.#..###..###........
#......#.#.#.......# #........
#..................# #........
#...##.#.#..###....# #........
....##.#.#......#..# ##......#
##..###.#.g......#..######...##
.... #.#..###.#.............+


You could see 3 hogs and 4 gnolls.

Vanquished Creatures
  Sigmund (D:3)
  A hog (D:7)
  4 yaks (D:7)
  A human (D:7)
  Menkaure (D:6)
  Edmund (D:6)
  2 phantoms (D:4)
  An orc warrior (D:6)
  A black bear (D:7)
  A centaur (D:5)
  3 ogres
  Blork the orc (D:6)
  3 bullfrogs
  2 scorpions
  6 killer bees (D:7)
  A howler monkey (D:4)
  2 crimson imps
  2 bullfrog skeletons (D:4)
  2 hounds
  2 centaur skeletons (D:5)
  A gnoll shaman (D:7)
  An orc priest (D:6)
  2 orc wizards (D:6)
  An iguana (D:7)
  Natasha (thrice) (D:3)
  4 worker ants
  2 hound skeletons
  Robin (D:3)
  5 adders
  3 gnolls (D:7)
  7 river rats
  A shadow imp (D:7)
  An ooze (D:2)
  An adder zombie (D:7)
  2 adder skeletons
  3 worms
  A dart slug (D:1)
  4 leopard geckos
  6 orcs
  9 giant cockroaches
  15 goblins
  13 hobgoblins
  13 jackals
  5 kobolds
  4 quokkas
  7 ball pythons
  6 bats
  10 frilled lizards
  A jackal zombie (D:7)
  A leopard gecko skeleton (D:4)
  17 rats
188 creatures vanquished.

Notes
Turn   | Place    | Note
-------+----------+-------------------------------------------
     0 | D:1      | Vodalian the Formicid Fighter began the quest for the Orb.
     0 | D:1      | Reached XP level 1. HP: 18/18 MP: 1/1
    80 | D:1      | Reached XP level 2. HP: 18/24 MP: 2/2
   355 | D:1      | Reached XP level 3. HP: 29/29 MP: 3/3
   882 | D:2      | Found a glowing golden altar of the Shining One.
   906 | D:2      | Reached skill level 1 in Spellcasting
   906 | D:2      | Reached XP level 4. HP: 35/35 MP: 3/5
  1923 | D:3      | Noticed Natasha
  1931 | D:3      | Killed Natasha
  1931 | D:3      | Reached XP level 5. HP: 30/42 MP: 3/7
  1949 | D:3      | Noticed Natasha
  1955 | D:3      | Killed Natasha
  2140 | D:3      | Noticed Sigmund
  2157 | D:3      | Killed Sigmund
  2157 | D:3      | Reached XP level 6. HP: 25/49 MP: 3/9
  2594 | D:3      | Noticed Robin
  2626 | D:3      | Noticed Natasha
  2635 | D:3      | Killed Natasha
  2647 | D:3      | Killed Robin
  2648 | D:3      | Reached XP level 7. HP: 27/55 MP: 5/10
  3020 | D:4      | Found a sparkling altar of Nemelex Xobeh.
  3040 | D:4      | Reached skill level 5 in Shields
  3134 | D:4      | Found a staircase to the Ecumenical Temple.
  3140 | D:4      | Reached skill level 5 in Fighting
  3160 | Temple   | Entered the Ecumenical Temple
  3174 | Temple   | Became a worshipper of Warmaster Okawaru
  3499 | D:4      | Reached skill level 5 in Axes
  3544 | D:4      | Reached XP level 8. HP: 39/63 MP: 9/12
  3842 | D:4      | Reached * piety under Okawaru
  4213 | D:5      | Entered Level 5 of the Dungeon
  4374 | D:5      | Gained mutation: You are dopey. (Int -2) [potion of mutation]
  4374 | D:5      | Gained mutation: Your body sometimes deteriorates upon taking damage. [potion of mutation]
  4374 | D:5      | Gained mutation: You have large cloven feet. [potion of mutation]
  4454 | D:5      | Reached skill level 5 in Armour
  4762 | D:6      | Got a scorched leather armour
  4773 | D:6      | Identified the +1 leather armour of the Beekeeper {rC+ rCorr Str-4} (You found it on level 6 of the Dungeon)
  4817 | D:6      | Found a glowing drain.
  4821 | Sewer    | Entered a sewer
  5346 | D:6      | Noticed Menkaure
  5354 | D:6      | Killed Menkaure
  5620 | D:6      | Reached XP level 9. HP: 59/71 MP: 11/14
  5656 | D:6      | Noticed Edmund
  5691 | D:6      | Killed Edmund
  6115 | D:6      | Reached ** piety under Okawaru
  6345 | D:6      | Noticed Blork the orc
  6350 | D:6      | Killed Blork the orc
  6782 | D:7      | Reached *** piety under Okawaru
  7019 | D:7      | Reached XP level 10. HP: 80/80 MP: 16/16
  7232 | D:7      | Found a shattered altar of Ashenzari.
  7777 | D:7      | Reached skill level 5 in Spellcasting
  7816 | D:7      | HP: 4/82 [hog (3)]
  7817 | D:7      | Slain by a gnoll

Skill      XL: |  1  2  3  4  5  6  7  8  9 10 |
---------------+-------------------------------+-----
Shields        | 4 5 6 7 |  7.2
Axes           | 3 4 5 6 7 8 |  8.1
Spellcasting   | 1 2 3 4 5 |  5.0
Fighting       | 4 5 6 7 8 |  8.5
Armour         | 4 5 6 |  6.7

Action                   |  1- 3 |  4- 6 |  7- 9 | 10-12 || total
-------------------------+-------+-------+-------+-------++-------
Melee: War axe           |   125 |   160 |   303 |       ||   588
       Kick              |       |       |    59 |    25 ||    84
       Dire flail        |       |       |    93 |    80 ||   173
 Abil: Dig               |       |       |     3 |       ||     3
  Use: Scroll            |       |       |    11 |       ||    11
       Potion            |       |       |     9 |     1 ||    10
 Stab: Invisible         |       |       |     1 |       ||     1
  Eat: Chunk             |       |     6 |    16 |       ||    22
       Meat ration       |       |       |       |     1 ||     1
Armor: Scale mail        |    71 |    56 |    81 |       ||   208
       Plate armour      |       |       |    14 |    86 ||   100
Dodge: Dodged            |    45 |    38 |    94 |    28 ||   205
Block: Shield            |    79 |    78 |   207 |    82 ||   446
